 Dungeon Crawl Stone Soup version 0.27-a0-1512-g99fd57bada (webtiles) character file.

Game seed: 17221465473689633308

22 Froggeryz the Covered (level 2, -21/24 HPs)
             Began as a Barachi Fighter on July 9, 2021.
             Engulfed by a cloud of flame (29 damage)
             ... on level 1 of the Dungeon.
             The game lasted 00:01:03 (1125 turns).

Froggeryz the Covered (Barachi Fighter)             Turns: 1125, Time: 00:01:04

Health: -21/24     AC:  7    Str: 17    XL:     2   Next: 91%
Magic:  2/2        EV:  7    Int:  8    God:
Gold:   55         SH:  9    Dex: 11    Spells: 1/1 levels left

rFire    . . .     SeeInvis .   a - +0 long sword
rCold    . . .     Faith    .   c - +0 kite shield
rNeg     . . .     Spirit   .   b - +0 scale mail
rPois    .         Reflect  .   (no helmet)
rElec    .         Harm     .   (no cloak)
rCorr    .         Rampage  .   (no gloves)
Will     .....                  (no boots)
Stlth    ..........             (no amulet)
HPRegen  0.08/turn              (no ring)
MPRegen  0.08/turn              (no ring)

@: unable to hop, slow
A: amphibious, slowness 1, strong legs 1, +LOS
a: Hop


You were on level 1 of the Dungeon.
You visited 1 branch of the dungeon, and saw 1 of its levels.

You collected 55 gold pieces.

Inventory:

Hand Weapons
 a - a +0 long sword (weapon)
Armour
 b - a +0 scale mail (worn)
 c - a +0 kite shield (worn)
Wands
 j - a wand of mindburst (11)
Scrolls
 e - 2 scrolls of identify {unknown}
 f - a scroll of amnesia {unknown}
Potions
 d - a potion of might
 g - a potion of mutation {unknown}
 h - a potion of degeneration {unknown}
 i - a potion of flight {unknown}


   Skills:
 - Level 3.6 Fighting
 * Level 3.3 Long Blades
 + Level 4.0 Armour
 + Level 3.6 Shields


You had one spell level left.
You didn't know any spells.
Your spell library was empty.

Dungeon Overview and Level Annotations

Branches:
Dungeon (1/15)

Altars:


Innate Abilities, Weirdness & Mutations

You are amphibious.
You cover ground slowly.
You can hop short distances.
You have an extended range of vision and can be seen from far away.


Message History

You see here a giant cockroach corpse.
You see here 20 bolts.
Found 24 stones.
You see here a giant cockroach corpse.
There is a faded altar of an unknown god here.
An endoplasm comes into view.
The endoplasm quivers.
Found a chain mail.
You block the endoplasm's attack.
You hit the endoplasm.
The endoplasm is severely wounded.
The endoplasm hits you but does no damage.
The endoplasm freezes you.
You are frozen.
You slash the endoplasm!
You kill the endoplasm!
No target in view!
No target in view!
You see here a +0 chain mail.
You start resting.
HP restored.
Really walk into a travel-excluded area?
Hop to where?
Press: ? - help, Dir - move target Boing!
You now have 55 gold pieces (gained 6).
You see here 11 stones.
i - a red potion
j - a wand of mindburst (11)
You see here 27 stones.
You start waiting.
You are ready to hop once more.
Really walk into a travel-excluded area?
Hop to where?
Press: ? - help, Dir - move target Boing!
You are engulfed in blazing flames.
Ouch! That really hurt!
You are engulfed in blazing flames.
Ouch! That really hurt!
You die...

##.# #.......############## #.#
#.#####.# # ##.## ####.#####.# #
#...#####..........# #
..........##.###.### #
#...###########...# # ##........#
#☼○○# # ########## #☼§§# # #§@§#
# ###############.°.###### #
......[....°°§..(..○°°.##########
#########..○§☼..(..☼§§.(...†.....
##.○☼§.))..○§☼..#########
######...#####.# #○§§# #.# #○§☼#
#.# #°§☼# #.#


There were no monsters in sight!

Vanquished Creatures
  A gnoll (D:1)
  2 bats (D:1)
  An endoplasm (D:1)
  2 giant cockroaches (D:1)
  3 hobgoblins (D:1)
  A ball python (D:1)
  A rat (D:1)
11 creatures vanquished.

Vanquished Creatures (others)
  A ball python (D:1)
1 creature vanquished.

Grand Total: 12 creatures vanquished

Notes
Turn   | Place    | Note
-------+----------+-------------------------------------------
     0 | D:1      | Froggeryz the Barachi Fighter began the quest for the Orb.
     0 | D:1      | Reached XP level 1. HP: 18/18 MP: 1/1
   491 | D:1      | Reached XP level 2. HP: 24/24 MP: 2/2
   559 | D:1      | Found a faded altar of an unknown god.
   966 | D:1      | Reached skill level 4 in Armour
  1125 | D:1      | Engulfed by a cloud of flame

Illustrated notes

Levels and vault maps discovered:
D:1:      ebering_trefoil_3fold, layout_loops_ring, basic_ecumenical_altar,
          lemuel_flame_loot_1

Skill      XL: |  1  2 |
---------------+-------+-----
Long Blades    | 3 |  3.3
Armour         | 4 |  4.0
Fighting       | |  3.6
Shields        | |  3.6

Action                   || total
-------------------------++-------
Melee: Long sword        ||    31
 Abil: Hop               ||     3
Armor: Scale mail        ||     9
Dodge: Dodged            ||     9
Block: Kite shield       ||    22
       Rpst.: Long sword ||     3

Table legend: (Time is in decaauts)
 A = Elapsed time spent in this place.
 B = Non-inter-level travel time spent in this place.
 C = Inter-level travel time spent in this place.
 D = Time resting spent in this place.
 E = Time spent auto-exploring this place.
 F = Levels seen in this place.
 G = Mean time per level.
                   A        B        C        D        E       F      G
               +--------+--------+--------+--------+--------+-----+--------+
         Total |   1271 |   1271 |      0 |    308 |    802 |   1 | 1271.0 |
       Dungeon |   1271 |   1271 |      0 |    308 |    802 |   1 | 1271.0 |
               +--------+--------+--------+--------+--------+-----+--------+

Top non-repeatable levels by time:
     D:1: 1271 daAuts
